 Dungeon Crawl Stone Soup version 0.21.1-1-g345015f (webtiles) character file.

39 n0claF the Caller (level 3, 0/26 HPs)
             Began as a Merfolk Summoner on June 13, 2018.
             Shot with a stone by a goblin (8 damage)
             ... on level 2 of the Dungeon.
             The game lasted 00:09:39 (1664 turns).

n0claF the Caller (Merfolk Summoner)                Turns: 1664, Time: 00:09:40

Health: 0/26       AC:  2    Str:  8    XL:     3   Next: 47%
Magic:  4/6        EV: 13    Int: 15    God:
Gold:   78         SH:  0    Dex: 14    Spells: 2/6 levels left

rFire    . . .     SeeInvis .   l - +0 spear
rCold    . . .     Gourm    .   (no shield)
rNeg     . . .     Faith    .   a - +0 robe
rPois    .         Spirit   .   (no helmet)
rElec    .         Reflect  .   (no cloak)
rCorr    .         Harm     .   (no gloves)
MR       .....                  (no boots)
Stlth    ++........             (no amulet)
HPRegen  0.08/turn              (no ring)
MPRegen  0.10/turn              (no ring)

@: no status effects
A: change form in water, swift swim, stealthy swim
a: no special abilities


You were on level 2 of the Dungeon.
You were hungry.

You visited 1 branch of the dungeon, and saw 2 of its levels.

You collected 78 gold pieces.

Inventory:

Hand Weapons
 l - a +0 spear (weapon)
Missiles
 i - 30 stones (quivered)
Armour
 a - a +0 robe (worn)
Jewellery
 g - a cursed -4 ring of strength {unknown}
Scrolls
 f - 2 scrolls of teleportation {unknown}
 h - 6 scrolls of identify {unknown}
 k - a scroll of enchant weapon {unknown}
Potions
 d - a potion of berserk rage {unknown}
 e - a potion of mutation {unknown}
 j - a potion of curing {unknown}
 m - a potion of heal wounds {unknown}
 n - a potion of lignification {unknown}
Books
 b - a book of Callings

   Spells                             Type                      Level
   a - Summon Small Mammal            Summoning                    1
   b - Call Imp                       Summoning                    2
   c - Call Canine Familiar           Summoning                    3
   d - Summon Guardian Golem          Hexes/Summoning              3
   e - Summon Lightning Spire         Summoning/Air                4
   f - Summon Ice Beast               Ice/Summoning                4
Comestibles
 c - 4 rations


   Skills:
 + Level 1.3 Fighting
 + Level 1.0 Polearms
 + Level 3.3 Dodging
 - Level 2.1 Stealth
 + Level 2.4 Spellcasting
 + Level 4.2 Summonings


You had 2 spell levels left.
You knew the following spells:

 Your Spells              Type           Power        Failure   Level  Hunger
a - Summon Small Mammal   Summ           ##..         3%          1    #......
b - Call Canine Familiar  Summ           ##......     11%         3    ###....


Dungeon Overview and Level Annotations

Branches:
Dungeon (2/15)

Altars:
Okawaru


Message History

The goblin shoots a stone.
The stone hits you but does no damage.
You see here a stone.
What are your orders? t - Shout!
Orders for allies: a - Attack new target. r - Retreat! s - Stop attacking. g - Guard the area. f - Follow me.
Anything else - Cancel.
Gang up on whom?
Press: ? - help, Dir - move target cursor, f - goblin
Aim: a goblin, wielding a hunting sling Attack!
The goblin shoots a stone.
The stone hits you!
You are too injured to fight recklessly!
You are too injured to fight recklessly!
Unknown command.
You are too injured to fight recklessly!
A hobgoblin comes into view.
The goblin shoots a stone.
The stone closely misses your rat. The stone hits you!
You die...

##### .. ≈≈≈ ≈...# #..###
... ≈.8.# (...# .. .8_8#
#.#.#.. ≈.8.# #.#.#.
≈...# ### #...g ##### ..#
#..### ### ..# #.#
#...h##.... #######.#
##@(r......
........########.......g.
######<.........).......#
......................$.#
#########...#####$>......
#...# ###....## #..>#
....# #...# ..... #...#
....


You could see a hobgoblin, a goblin, a friendly hound and a friendly rat.

Vanquished Creatures
  2 oozes (D:1)
  2 goblins (D:2)
  2 hobgoblins (D:2)
  A bat (D:1)
  A kobold (D:2)
  A rat (D:1)
9 creatures vanquished.

Vanquished Creatures (collateral kills)
  4 dart slugs
  A leopard gecko (D:1)
  2 bats (D:2)
  2 giant cockroaches (D:1)
  2 goblins
  2 hobgoblins (D:1)
  6 jackals (D:1)
  2 frilled lizards
  3 kobolds (D:1)
  3 rats (D:1)
27 creatures vanquished.

Grand Total: 36 creatures vanquished

Notes
Turn   | Place    | Note
-------+----------+-------------------------------------------
     0 | D:1      | n0claF the Merfolk Summoner began the quest for the Orb.
     0 | D:1      | Reached XP level 1. HP: 13/13 MP: 3/3
   213 | D:1      | Reached XP level 2. HP: 9/20 MP: 1/5
  1078 | D:1      | Reached skill level 1 in Fighting
  1187 | D:1      | Reached XP level 3. HP: 20/26 MP: 1/6
  1359 | D:2      | Found an iron altar of Okawaru.
  1368 | D:2      | Reached skill level 1 in Polearms
  1649 | D:2      | Learned a level 3 spell: Call Canine Familiar
  1664 | D:2      | Shot with a stone by a goblin

Skill      XL: |  1  2  3 |
---------------+----------+-----
Dodging        | 3 |  3.3
Fighting       | 1 |  1.3
Polearms       | 1 |  1.0
Stealth        | |  2.1
Spellcasting   | |  2.4
Summonings     | |  4.2

Action                   || total
-------------------------++-------
Melee: Spear             ||    54
 Fire: Hunting sling     ||     3
 Cast: Summon Small Mamm ||    28
       Call Canine Famil ||     1
 Stab: Sleeping          ||     2
       Distracted        ||     2
  Eat: Chunk             ||     2
Armor: Robe              ||     8
Dodge: Dodged            ||    36
